 Dungeon Crawl Stone Soup version 0.27-a0-1579-g97d2440184 (webtiles) character file.

Game seed: 10051885295732324622

84 SunEater the Covered (level 4, -5/40 HPs)
             Began as a Minotaur Fighter on July 17, 2021.
             Slain by an ogre (10 damage)
             ... on level 3 of the Dungeon.
             The game lasted 00:10:57 (2922 turns).

SunEater the Covered (Minotaur Fighter)             Turns: 2922, Time: 00:10:58

Health: -5/40      AC:  7    Str: 21    XL:     4   Next: 24%
Magic:  3/3        EV:  7    Int:  5    God:
Gold:   132        SH:  9    Dex: 10    Spells: 3/3 levels left

rFire    . . .     SeeInvis .   a - +0 war axe
rCold    . . .     Faith    .   c - +0 kite shield
rNeg     . . .     Spirit   .   b - +0 scale mail
rPois    .         Reflect  .   (helmet restricted)
rElec    .         Harm     .   (no cloak)
rCorr    .         Rampage  .   (no gloves)
Will     .....                  (no boots)
Stlth    ..........             (no amulet)
HPRegen  0.13/turn              (no ring)
MPRegen  0.08/turn              (no ring)

@: no status effects
A: horns 2, retaliatory headbutt
a: no special abilities


You were on level 3 of the Dungeon.
You visited 1 branch of the dungeon, and saw 3 of its levels.

You collected 132 gold pieces.

Inventory:

Hand Weapons
 a - a +0 war axe (weapon)
Armour
 b - a +0 scale mail (worn)
 c - a +0 kite shield (worn)
Jewellery
 j - a ring of fire
Scrolls
 e - a scroll of summoning {unknown}
 g - a scroll of vulnerability {unknown}
 h - a scroll of fear {unknown}
 i - 2 scrolls of identify {unknown}
 l - a scroll of teleportation {unknown}
 m - a scroll of brand weapon {unknown}
 o - a scroll of noise {unknown}
Potions
 d - a potion of might
 f - a potion of ambrosia {unknown}
 k - 3 potions of curing {unknown}
 n - a potion of invisibility {unknown}


   Skills:
 + Level 4.1 Fighting
 + Level 3.5 Axes
 + Level 4.5 Armour
 + Level 4.4 Shields


You had 3 spell levels left.
You didn't know any spells.
Your spell library contained the following spells:

 Spells                   Type           Power      Damage    Failure   Level
 Magic Dart               Conj           0%         1d3       99%         1
 Searing Ray              Conj           0%         3d3       100%        2
 Fulminant Prism          Conj/Hex       0%         3d6       100%        4


Dungeon Overview and Level Annotations

Branches:
Dungeon (3/15)

Altars:

Shops:
D:1 (


Innate Abilities, Weirdness & Mutations

You have a pair of horns on your head.
You reflexively headbutt those who attack you in melee.


Message History

You kill the goblin!
You slash the goblin!
You kill the goblin!
The goblin hits you but does no damage.
You completely miss the goblin. You block the goblin's attack.
You barely miss the goblin. The goblin hits you but does no damage.
The goblin barely misses you. You furiously retaliate!
You headbutt the goblin.
You kill the goblin!
You closely miss the goblin. The goblin hits you with a +0 club.
You closely miss the goblin. You barely miss the goblin.
You block the goblin's attack. x2; The goblin completely misses you.
You furiously retaliate!
You headbutt the goblin!
You kill the goblin!
The goblin barely misses you.
There is an open door here.
You closely miss the goblin. You headbutt the goblin.
You kill the goblin!
You block the goblin's attack.
You hit the goblin. You headbutt the goblin.
You kill the goblin!
You block the ogre's attack.
You hit the ogre.
The ogre is moderately wounded.
You block the ogre's attack.
You hit the ogre but do no damage.
The ogre is moderately wounded.
The ogre hits you with a +0 giant club!
You hit the ogre but do no damage. Your headbutt misses the ogre.
The ogre is moderately wounded.
The ogre hits you with a +0 giant club!!
* * * LOW HITPOINT WARNING * * *
You are too injured to fight recklessly!
You are too injured to fight recklessly!
You hit the ogre. You headbutt the ogre.
The ogre is moderately wounded.
You block the ogre's attack.
You hit the ogre. Your headbutt misses the ogre.
The ogre is heavily wounded.
The ogre barely misses you. The ogre hits you with a +0 giant club!
You die...

##.# ##.....##### #####.#
##..# ##.......## ###.###.##
##...####.........###.........
#.......'.........'...#..#..#.
##...##.#.........##....#..#..
#...##.##.......###...#..#..#
##.###.###.....## #..#..#..#.
#.###.# ##...## ##...#..#..
#.....# ##@## ###..†....
#.##### #O## ##.##### #.#
####).#### #.# #.#
###..##)##.# #.# #.#
#....#...#.# #.#
##.####.#..#(.(#.# #.#
#.......#.##...#.######.#
##.######.######........# ###
#.##.# #.########


You could see an ogre.

Vanquished Creatures
  2 adders
  A worm (D:3)
  A dart slug (D:2)
  4 endoplasms
  4 giant cockroaches
  10 goblins
  6 hobgoblins
  4 kobolds
  5 quokkas
  6 ball pythons
  5 bats
  2 frilled lizards (D:1)
  4 rats
54 creatures vanquished.

Vanquished Creatures (others)
  2 plants (D:1)
2 creatures vanquished.

Grand Total: 56 creatures vanquished

Notes
Turn   | Place    | Note
-------+----------+-------------------------------------------
     0 | D:1      | SunEater the Minotaur Fighter began the quest for the Orb.
     0 | D:1      | Reached XP level 1. HP: 19/19 MP: 0/0
   372 | D:1      | Reached XP level 2. HP: 27/27 MP: 1/1
   427 | D:1      | Found Qumiveh's Weapon Boutique.
  1202 | D:2      | Reached XP level 3. HP: 12/33 MP: 2/2
  1816 | D:2      | Found a faded altar of an unknown god.
  2778 | D:3      | Reached XP level 4. HP: 38/40 MP: 3/3
  2906 | D:3      | Noticed an ogre
  2922 | D:3      | Slain by an ogre

Illustrated notes

Levels and vault maps discovered:
D:1:      dpeg_arrival_arbitrary_b, layout_loops_ring, serial_forest,
          infiniplex_forest_lined_corner, infiniplex_forest_zigzag_1,
          infiniplex_forest_clump_long, infiniplex_forest_lined_corner,
          infiniplex_forest_clump_curved, serial_shops, nicolae_square_shop
D:2:      layout_loops_corners, shapermc_ecumenical_altar_starsandcircs
D:3:      layout_loops_corners, minmay_misc_feat_diagonals,
          minmay_ogre_servants, uniq_robin

Skill      XL: |  1  2  3 |
---------------+----------+-----
Shields        | 4 |  4.4
Armour         | 4 |  4.5
Axes           | 3 |  3.5
Fighting       | 4 |  4.1

Action                   |  1- 3 |  4- 6 || total
-------------------------+-------+-------++-------
Melee: War axe           |   118 |    19 ||   137
       Headbutt          |     7 |     4 ||    11
Armor: Scale mail        |    57 |     3 ||    60
Dodge: Dodged            |    36 |     6 ||    42
Block: Kite shield       |    58 |    10 ||    68

Table legend: (Time is in decaauts)
 A = Elapsed time spent in this place.
 B = Non-inter-level travel time spent in this place.
 C = Inter-level travel time spent in this place.
 D = Time resting spent in this place.
 E = Time spent auto-exploring this place.
 F = Levels seen in this place.
 G = Mean time per level.
                   A        B        C        D        E       F      G
               +--------+--------+--------+--------+--------+-----+--------+
         Total |   2997 |   2871 |    126 |    602 |   1880 |   3 |  999.0 |
       Dungeon |   2997 |   2871 |    126 |    602 |   1880 |   3 |  999.0 |
               +--------+--------+--------+--------+--------+-----+--------+

Top non-repeatable levels by time:
     D:2: 1445 daAuts
     D:1: 1174 daAuts
     D:3: 377 daAuts
